AAA E
NASHVILLE SOUNDS @ GWINNETT STRIPERS
06/03/2030
 
TOP OF THE 1ST
Nashville Sounds batting - Pitching for Gwinnett Stripers : RHP Luis Winton
Pitching: RHP Luis Winton
Batting: SHB Jeff Willits 0-0: Called Strike
0-1: Ball
1-1: Ball
2-1: Called Strike
2-2: Strikes out looking
Batting: LHB Manny Barthe 0-0: Called Strike
0-1: Called Strike
0-2: Ball
1-2: Foul Ball, location: 9LSF
1-2: Strikes out swinging
Batting: SHB Tommy Loeb 0-0: Ball
1-0: Fly out, F8 (Flyball, 8LM, EV 98.1 MPH)
Top of the 1st over - 0 runs, 0 hits, 0 errors, 0 left on base; Nashville 0 - Gwinnett 0
BOTTOM OF THE 1ST
Gwinnett Stripers batting - Pitching for Nashville Sounds : RHP Bubba Ventura
Pitching: RHP Bubba Ventura
Batting: RHB Alex Castro 0-0: Called Strike
0-1: Foul Ball, location: 9LMF
0-2: Foul Ball, location: 9LMF
0-2: Ball
1-2: DOUBLE (Flyball, 8RXD, EV 103.1 MPH)
Batting: LHB Chris Shields 0-0: Ball
1-0: Fly out, F8 (Flyball, 8RD, EV 76.9 MPH)
Batting: LHB Jimmy Avedon 0-0: Ball
1-0: Foul Ball, location: 7LMF
1-1: Foul Ball, location: 2F
1-2: Ball
2-2: Ball
3-2: Fly out, F9 (Flyball, 9LSF, EV 88.8 MPH)
Batting: RHB Davis Wendzel 0-0: Ball
1-0: Ball
2-0: Swinging Strike
2-1: Ball
3-1: Base on Balls
Batting: LHB Alfonso Rivas 0-0: Foul Ball, location: 25F
0-1: SINGLE (Groundball, 2L, EV 67.5 MPH) (infield hit)
Alex Castro to third
Davis Wendzel to second
Batting: RHB David Jaimes 0-0: Ball
1-0: Ball
2-0: Ball
3-0: Called Strike
3-1: Called Strike
3-2: Ground out 6-3 (Groundball, 6S, EV 71.9 MPH)
Bottom of the 1st over - 0 runs, 2 hits, 0 errors, 3 left on base; Nashville 0 - Gwinnett 0
TOP OF THE 2ND
Nashville Sounds batting - Pitching for Gwinnett Stripers : RHP Luis Winton
Batting: LHB Ted Thornton 0-0: SINGLE (Groundball, 4D, EV 108.1 MPH)
Batting: RHB Mario Cuevas 0-0: Ball
1-0: Grounds into double play, 6-4-3 (Groundball, 6, EV 86.3 MPH)
Batting: LHB Sam Sharpe 0-0: Ball
1-0: Foul Ball, location: 2F
1-1: Ball
2-1: DOUBLE (Groundball, 3L, EV 103.1 MPH) - OUT at third base trying to stretch hit.
Top of the 2nd over - 0 runs, 2 hits, 0 errors, 0 left on base; Nashville 0 - Gwinnett 0
BOTTOM OF THE 2ND
Gwinnett Stripers batting - Pitching for Nashville Sounds : RHP Bubba Ventura
Batting: RHB Freddy Esposo 0-0: Ball
1-0: Ball
2-0: Fly out, F5 (Popup, 25F, EV 83.8 MPH)
Batting: RHB Jose Gonzales 0-0: Ball
1-0: Ball
2-0: Ball
3-0: Called Strike
3-1: Called Strike
3-2: Fly out, F8 (Line Drive, 8LD, EV 91.3 MPH)
Batting: RHB Luis Escobedo 0-0: Called Strike
0-1: Ball
1-1: Foul Ball, location: 2F
1-2: SINGLE (Line Drive, 6D, EV 101.3 MPH)
Batting: RHB Alex Castro 0-0: Foul Ball, location: 2F
0-1: Ball
1-1: Swinging Strike
1-2: 2-RUN HOME RUN (Flyball, 78XD, EV 100.6 MPH), Distance : 391 ft
Batting: LHB Chris Shields 0-0: Ball
1-0: Called Strike
1-1: Swinging Strike
1-2: Ground out 5-3 (Groundball, 56, EV 104.4 MPH)
Bottom of the 2nd over - 2 runs, 2 hits, 0 errors, 0 left on base; Nashville 0 - Gwinnett 2
TOP OF THE 3RD
Nashville Sounds batting - Pitching for Gwinnett Stripers : RHP Luis Winton
Batting: LHB Mike Poindexter 0-0: Ground out U3 (Groundball, 13, EV 88.8 MPH)
Batting: RHB Paulshawn Greenfield 0-0: Ball
1-0: Called Strike
1-1: Ball
2-1: Ground out 2-3 (Groundball, 13S, EV 68.8 MPH)
Batting: LHB Josh Bishop 0-0: Foul Ball, location: 2RF
0-1: Foul Ball, location: 2F
0-2: Strikes out swinging
Top of the 3rd over - 0 runs, 0 hits, 0 errors, 0 left on base; Nashville 0 - Gwinnett 2
BOTTOM OF THE 3RD
Gwinnett Stripers batting - Pitching for Nashville Sounds : RHP Bubba Ventura
Batting: LHB Jimmy Avedon 0-0: Ball
1-0: Ground out 6-3 (Groundball, 6, EV 88.1 MPH)
Batting: RHB Davis Wendzel 0-0: Ball
1-0: Ball
2-0: Ball
3-0: Base on Balls
Batting: LHB Alfonso Rivas 0-0: Ball
1-0: Foul Ball, location: 7LDF
1-1: Swinging Strike
1-2: Foul Ball, location: 7LMF
1-2: Ball
2-2: Foul Ball, location: 7LSF
2-2: Strikes out swinging
Batting: RHB David Jaimes 0-0: Called Strike
0-1: Ball
1-1: Ball
2-1: Ball
Wild Pitch!
Davis Wendzel to second
3-1: Base on Balls
Batting: RHB Freddy Esposo 0-0: Called Strike
0-1: Foul Ball, location: 9LMF
0-2: Ball
Wild Pitch!
Davis Wendzel to third
David Jaimes to second
1-2: Ball
2-2: Ball
3-2: Foul Ball, location: 2F
3-2: Foul Ball, location: 2F
3-2: Foul Ball, location: 3F
3-2: Base on Balls
Batting: RHB Jose Gonzales 0-0: Ball
1-0: Called Strike
1-1: DOUBLE (Groundball, 5L, EV 110.0 MPH)
Davis Wendzel scores
David Jaimes scores
Freddy Esposo to third
Batting: RHB Luis Escobedo 0-0: Ball
1-0: Ball
2-0: Foul Ball, location: 2F
2-1: SINGLE (Line Drive, 89S, EV 102.5 MPH)
Freddy Esposo scores
Jose Gonzales to third
Batting: RHB Alex Castro 0-0: Fly out, F4 (Flyball, 4MD, EV 96.9 MPH)
Bottom of the 3rd over - 3 runs, 2 hits, 0 errors, 2 left on base; Nashville 0 - Gwinnett 5
TOP OF THE 4TH
Nashville Sounds batting - Pitching for Gwinnett Stripers : RHP Luis Winton
Batting: SHB Jeff Willits 0-0: Ball
1-0: Ball
2-0: Foul Ball, location: 2F
2-1: Foul Ball, location: 3F
2-2: Strikes out swinging
Batting: LHB Manny Barthe 0-0: Ground out 6-3 (Groundball, 6, EV 102.5 MPH)
Batting: SHB Tommy Loeb 0-0: Foul Ball, location: 9LMF
0-1: SINGLE (Flyball, 78S, EV 90.0 MPH)
Batting: LHB Ted Thornton 0-0: Ball
1-0: Fly out, F8 (Flyball, 8LM, EV 86.9 MPH)
Top of the 4th over - 0 runs, 1 hit, 0 errors, 1 left on base; Nashville 0 - Gwinnett 5
BOTTOM OF THE 4TH
Gwinnett Stripers batting - Pitching for Nashville Sounds : RHP Bubba Ventura
Batting: LHB Chris Shields 0-0: Foul Ball, location: 2F
0-1: Ball
1-1: Ball
2-1: Ball
3-1: Base on Balls
Batting: LHB Jimmy Avedon 0-0: Ball
1-0: Ball
2-0: Ball
3-0: Base on Balls
Chris Shields to second
Pitching: RHP Roger Villalvazo
Batting: RHB Davis Wendzel 0-0: Ball
1-0: Foul Ball, location: 9LMF
1-1: Foul Ball, location: 9LMF
1-2: Foul Ball, location: 5F
1-2: Fly out, F8 (Flyball, 78S, EV 98.8 MPH)
Batting: LHB Alfonso Rivas 0-0: Ground out 4-3 (Groundball, 34D, EV 104.4 MPH)
Chris Shields to third
Jimmy Avedon to second
Batting: RHB David Jaimes 0-0: Ball
1-0: Ground out 4-3 (Groundball, 34D, EV 99.4 MPH)
Bottom of the 4th over - 0 runs, 0 hits, 0 errors, 2 left on base; Nashville 0 - Gwinnett 5
TOP OF THE 5TH
Nashville Sounds batting - Pitching for Gwinnett Stripers : RHP Luis Winton
Batting: RHB Mario Cuevas 0-0: SINGLE (Groundball, 6S, EV 67.5 MPH) (infield hit)
Batting: LHB Sam Sharpe 0-0: Swinging Strike
0-1: Swinging Strike
0-2: Fly out, F9 (Flyball, 89S, EV 88.8 MPH)
Batting: LHB Mike Poindexter 0-0: Fielders Choice at 2nd, 4-6 (Groundball, 34, EV 106.9 MPH)
Batting: RHB Paulshawn Greenfield 0-0: Called Strike
0-1: Swinging Strike
0-2: Ball
1-2: Foul Ball, location: 3SF
1-2: Fielders Choice at 2nd, U6 (Groundball, 6M, EV 104.4 MPH)
Top of the 5th over - 0 runs, 1 hit, 0 errors, 1 left on base; Nashville 0 - Gwinnett 5
BOTTOM OF THE 5TH
Gwinnett Stripers batting - Pitching for Nashville Sounds : RHP Roger Villalvazo
Batting: RHB Freddy Esposo 0-0: Ball
1-0: Ball
2-0: Ball
3-0: Base on Balls
Batting: RHB Jose Gonzales 0-0: Fly out, F6 (Popup, P, EV 83.1 MPH)
Batting: RHB Luis Escobedo 0-0: Ball
1-0: Called Strike
1-1: DOUBLE (Groundball, 5L, EV 101.3 MPH)
Freddy Esposo to third
Runner from 3rd tries for Home, SAFE, throw by LF to home
Batting: RHB Alex Castro 0-0: Ball
1-0: Called Strike
1-1: Ball
2-1: Ball
3-1: Fly out, F7 (Flyball, 78S, EV 88.1 MPH)
Batting: LHB Chris Shields 0-0: Ball
1-0: Fly out, F7 (Flyball, 78D, EV 100.0 MPH)
Bottom of the 5th over - 1 run, 1 hit, 0 errors, 1 left on base; Nashville 0 - Gwinnett 6
TOP OF THE 6TH
Nashville Sounds batting - Pitching for Gwinnett Stripers : RHP Luis Winton
Batting: LHB Josh Bishop 0-0: Foul Ball, location: 2F
0-1: Swinging Strike
0-2: Foul Ball, location: 7LMF
0-2: Ball
1-2: Foul Ball, location: 2F
1-2: Foul Ball, location: 2F
1-2: Strikes out swinging
Batting: SHB Jeff Willits 0-0: Foul Ball, location: 25FF
0-1: Foul Ball, location: 5FF
0-2: Strikes out swinging
Batting: LHB Manny Barthe 0-0: Ball
1-0: Ball
2-0: Foul Ball, location: 2F
2-1: Foul Ball, location: 2F
2-2: Ball
3-2: Ground out 2-3 (Groundball, 2L, EV 72.5 MPH)
Top of the 6th over - 0 runs, 0 hits, 0 errors, 0 left on base; Nashville 0 - Gwinnett 6
BOTTOM OF THE 6TH
Gwinnett Stripers batting - Pitching for Nashville Sounds : RHP Roger Villalvazo
Batting: LHB Jimmy Avedon 0-0: Ball
1-0: Ball
2-0: Called Strike
2-1: Ball
3-1: Base on Balls
Batting: RHB Davis Wendzel 0-0: Ball
1-0: Swinging Strike
1-1: Swinging Strike
1-2: Strikes out swinging
Batting: LHB Alfonso Rivas 0-0: Ball
Jimmy Avedon steals 2nd base (no throw)
1-0: SINGLE (Line Drive, 4MD, EV 94.4 MPH)
Jimmy Avedon to third
Pitching: RHP Jimmy Newman
Batting: RHB David Jaimes 0-0: Reached on error, E6 (Groundball, 56, EV 83.1 MPH)
Jimmy Avedon scores
Alfonso Rivas to second
Batting: RHB Freddy Esposo 0-0: Foul Ball, location: 9LDF
0-1: Called Strike
0-2: Ball
1-2: Foul Ball, location: 2F
1-2: Grounds into double play, 6-4-3 (Groundball, 6, EV 103.8 MPH)
Bottom of the 6th over - 1 run, 1 hit, 1 error, 1 left on base; Nashville 0 - Gwinnett 7
TOP OF THE 7TH
Nashville Sounds batting - Pitching for Gwinnett Stripers : RHP Luis Winton
Pinch Hitting: RHB Christian Cairo 0-0: Swinging Strike
0-1: Ball
1-1: Ball
2-1: Ball
3-1: Foul Ball, location: 9LSF
3-2: Strikes out swinging
Batting: LHB Ted Thornton 0-0: Foul Ball, location: 2LF
0-1: Swinging Strike
0-2: Ball
1-2: Ball
2-2: Ball
3-2: Ground out U3 (Groundball, 3, EV 88.1 MPH)
Batting: RHB Mario Cuevas 0-0: Ball
1-0: Ball
2-0: Ball
3-0: Base on Balls
Batting: LHB Sam Sharpe 0-0: Called Strike
Mario Cuevas steals 2nd base (no throw)
0-1: Fly out, F8 (Flyball, 89M, EV 87.5 MPH)
Top of the 7th over - 0 runs, 0 hits, 0 errors, 1 left on base; Nashville 0 - Gwinnett 7
BOTTOM OF THE 7TH
Gwinnett Stripers batting - Pitching for Nashville Sounds : RHP Jimmy Newman
Now in LF: Hedbert Perez
Batting: RHB Jose Gonzales 0-0: Fly out, F9 (Flyball, 9, EV 88.8 MPH)
Batting: RHB Luis Escobedo 0-0: Ball
1-0: Called Strike
1-1: SINGLE (Line Drive, 8RS, EV 86.3 MPH)
Batting: RHB Alex Castro 0-0: Ball
1-0: Called Strike
1-1: Foul Ball, location: 2F
1-2: Hit by Pitch
Luis Escobedo to second
Batting: LHB Chris Shields 0-0: Ball
1-0: Fly out, F7 (Line Drive, 7, EV 88.1 MPH)
Batting: LHB Jimmy Avedon 0-0: Ball
1-0: Swinging Strike
1-1: Swinging Strike
1-2: Ball
2-2: Foul Ball, location: 2F
2-2: Ball
3-2: Foul Ball, location: 2F
3-2: Foul Ball, location: 9LMF
3-2: Base on Balls
Luis Escobedo to third
Alex Castro to second
Batting: RHB Davis Wendzel 0-0: Ball
1-0: Ball
2-0: Ball
Wild Pitch!
Luis Escobedo scores
Alex Castro to third
Jimmy Avedon to second
3-0: Called Strike
3-1: Foul Ball, location: 2LF
3-2: DOUBLE (Flyball, 8RXD, EV 96.9 MPH)
Alex Castro scores
Jimmy Avedon scores
Batting: LHB Alfonso Rivas 0-0: Fly out, F8 (Flyball, 8LS, EV 92.5 MPH)
Bottom of the 7th over - 3 runs, 2 hits, 0 errors, 1 left on base; Nashville 0 - Gwinnett 10
TOP OF THE 8TH
Nashville Sounds batting - Pitching for Gwinnett Stripers : RHP Luis Winton
Batting: LHB Mike Poindexter 0-0: Ball
1-0: Called Strike
1-1: Called Strike
1-2: Ground out 1-3 (Groundball, 13S, EV 61.9 MPH)
Batting: RHB Paulshawn Greenfield 0-0: Called Strike
0-1: Ball
1-1: Ground out 5-3 (Groundball, 56S, EV 81.9 MPH)
Batting: LHB Josh Bishop 0-0: Ball
1-0: Ball
2-0: Called Strike
2-1: Ball
3-1: Called Strike
3-2: Ground out 4-3 (Groundball, 4S, EV 80.6 MPH)
Top of the 8th over - 0 runs, 0 hits, 0 errors, 0 left on base; Nashville 0 - Gwinnett 10
BOTTOM OF THE 8TH
Gwinnett Stripers batting - Pitching for Nashville Sounds : RHP Jimmy Newman
Pitching: RHP Abner Uribe
Batting: RHB David Jaimes 0-0: Called Strike
0-1: Foul Ball, location: 9LDF
0-2: Ground out 5-3 (Groundball, 56S, EV 68.1 MPH)
Batting: RHB Freddy Esposo 0-0: Ball
1-0: Ball
2-0: Foul Ball, location: 2F
2-1: Foul Ball, location: 25FF
2-2: Fly out, F8 (Flyball, 8LM, EV 91.9 MPH)
Batting: RHB Jose Gonzales 0-0: Ball
1-0: Ground out 4-3 (Groundball, 34, EV 86.3 MPH)
Bottom of the 8th over - 0 runs, 0 hits, 0 errors, 0 left on base; Nashville 0 - Gwinnett 10
TOP OF THE 9TH
Nashville Sounds batting - Pitching for Gwinnett Stripers : RHP Luis Winton
Batting: SHB Jeff Willits 0-0: Ground out U3 (Groundball, 3, EV 86.9 MPH)
Batting: LHB Manny Barthe 0-0: Ball
1-0: Ball
2-0: Ground out 4-3 (Groundball, 4, EV 101.9 MPH)
Batting: LHB Hedbert Perez 0-0: Called Strike
0-1: Ball
1-1: Fly out, F9 (Flyball, 9S, EV 91.9 MPH)
Top of the 9th over - 0 runs, 0 hits, 0 errors, 0 left on base; Nashville 0 - Gwinnett 10
Monday, March 18th , 2024 - OOTP Baseball 24.7 Build 72